cohdb
Replays
Latest Replays
All Replays
Popular Replays
Top Player Replays
Match Explorer
How It Works
Community
CoH3 Stats
Reddit
Sign in to upload your games and track your stats! →
Sign in with Steam
Match 40231652
Unlisted
Match 40231652
Overview
Messages
Build Orders
End
Engineer Squad
Construct Weapon Support Center
M1919 Machine Gun Team
M1919 Machine Gun Team
Engineer Squad
Air Support Center
Selects Heavy Weapons
Selects M2HB .50cal Heavy Machine Gun
Bazooka Squad
P-47 Strafing Run
M1919 Machine Gun Team
Grasshopper Recon Run
ßoo
DeadEntropy
corporatepolicies
An 'orrible Cunt
Shadowphreak
Palaki
0
0
Comments
sign in to comment!
No comments posted yet!